 Dungeon Crawl Stone Soup version 0.30-a0-224-ge52a3cb02f (webtiles) character file.

Game seed: 1031593959964113036

239 qw the Chopper (level 6, -6/38 HPs)
             Began as a Gargoyle Fighter on Oct 9, 2022.
             Mangled by a hornet (9 damage)
             ... on level 4 of the Dungeon.
             The game lasted 00:01:02 (2219 turns).

qw the Chopper (Gargoyle Fighter)                   Turns: 2219, Time: 00:01:03

Health: -6/38      AC: 13    Str: 21    XL:     6   Next: 7%
Magic:  6/6        EV:  7    Int:  9    God:
Gold:   114        SH:  4    Dex:  9    Spells: 5/5 levels left

rFire   . . .      SeeInvis .    Y - +1 war axe
rCold   . . .      Faith    .    c - +0 buckler
rNeg    + . .      Spirit   .    h - +0 chain mail
rPois   inf        Reflect  .    (no helmet)
rElec   +          Harm     .    (no cloak)
rCorr   .          Rampage  .    (no gloves)
Will    .....                    (no boots)
Stlth   ..........               (no amulet)
HPRegen 0.26/turn                (no ring)
MPRegen 0.10/turn                (no ring)

@: about to teleport
A: sickness immunity, AC +4, negative energy resistance 1, electricity
resistance, torment resistance 1, petrification resistance
a: no special abilities


You were on level 4 of the Dungeon.
You visited 1 branch of the dungeon, and saw 4 of its levels.

You collected 114 gold pieces.


Innate Abilities, Weirdness & Mutations

You are immune to sickness and miasma.
Your stone body is resilient. (AC +4)
You are immune to poison.
You resist negative energy. (rN+)
You are resistant to electric shocks. (rElec)
You are resistant to unholy torment.
You are immune to petrification.


   Skills:
 - Level 4.2 Fighting
 + Level 5.1 Axes
 - Level 3.2 Armour
 - Level 3.2 Shields


You had 5 spell levels left.
You didn't know any spells.
Your spell library was empty.

Inventory:

Hand Weapons
 f - a +1 whip of electrocution
 Y - a +1 war axe (weapon)
Armour
 b - a +0 pair of boots
 c - a +0 buckler (worn)
 h - a +0 chain mail (worn)
Scrolls
 a - 2 scrolls of identify
 i - a scroll of teleportation
Potions
 d - a potion of might
 e - a potion of resistance {unknown}
 g - a potion of flight {unknown}
 j - a potion of haste {unknown}
 l - a potion of magic {unknown}
 m - a potion of mutation {unknown}

Dungeon Overview and Level Annotations

Branches:
Dungeon (4/15)
 Temple: D:4-7

Altars:
Fedhas
Wu Jian

Shops:
D:1 !


Message History

The orc is heavily wounded.
The orc barely misses you. The orc hits you with a +0 dagger.
You slash the orc!
You kill the orc!
You start resting.
HP restored.
Found a stone staircase leading up.
Enter note: A hornet comes into view.
Found a hand axe.
The hornet buzzes angrily.
The hornet stings you but does no damage.
The hornet barely misses you.
You closely miss the hornet. The hornet stings you!
The hornet barely misses you.
You hit the hornet.
The hornet is lightly wounded.
The hornet stings you.
The hornet stings you but does no damage.
You hit the hornet.
The hornet is lightly wounded.
The hornet barely misses you.
You hit the hornet but do no damage.
The hornet is lightly wounded.
You block the hornet's attack. The hornet stings you!
You hit the hornet.
The hornet is lightly wounded.
The hornet stings you but does no damage.
The hornet stings you.
2217 ||| READING 2 scrolls of teleportation.
As you read the scroll of teleportation, it crumbles to dust.
You feel strangely unstable. The hornet closely misses you. x2
You miss the hornet.
The hornet is lightly wounded.
The hornet stings you!
You hit the hornet.
The hornet is moderately wounded.
The hornet stings you!
You die...

### ..### .###)..
#...... ##
..###..y###...##
<....###@....... ..
..###...###...## . .#
#.........###.. #.
###...###...###.#
.###. ......###.^.#
..#.###...###.#....#
.#.....###...#.)...#
.#......#....#....#.#
.#.....#.....#...###..


You could see a hornet.

Vanquished Creatures
  A hound (D:3)
  2 orc priests
  An orc wizard (D:4)
  5 adders
  A worm (D:2)
  6 orcs
  2 ball pythons (D:1)
  7 endoplasms
  5 giant cockroaches
  3 goblins
  9 hobgoblins
  4 jackals
  7 kobolds
  4 quokkas
  2 bats (D:1)
  5 rats
  A spectral hobgoblin (D:3)
65 creatures vanquished.

Notes
Turn   | Place    | Note
-------+----------+-------------------------------------------
     0 | D:1      | qw the Gargoyle Fighter began the quest for the Orb.
     0 | D:1      | Reached XP level 1. HP: 14/14 MP: 1/1
     0 | D:1      | 0 ||| qw: Version: 0.2-a-17-g06abaee
     0 | D:1      | 0 ||| qw: Game counter: 2264
     0 | D:1      | 0 ||| qw: Always use a shield: true
     0 | D:1      | 0 ||| qw: God list: Okawaru
     0 | D:1      | 0 ||| qw: Allow faded altars: false
     0 | D:1      | 0 ||| qw: Do Orc after D:15 true
     0 | D:1      | 0 ||| qw: Do second Lair branch before Depths: true
     0 | D:1      | 0 ||| qw: Lair rune preference: random
     0 | D:1      | 0 ||| qw: Plans: Normal, Zot:1-4, God:TSO, Crypt, Tomb,
                  | Pan, Slime:5, Hells, Abyss, Orb
     0 | D:1      | 0 ||| PLANNING D:1-11
    48 | D:1      | Reached skill level 2 in Axes
   145 | D:1      | Reached XP level 2. HP: 19/19 MP: 2/2
   494 | D:1      | 494 ||| Stepping ~*~*~tactically~*~*~ (stealth).
   737 | D:1      | Reached skill level 3 in Axes
   862 | D:1      | Reached XP level 3. HP: 23/23 MP: 3/3
   888 | D:1      | Found Loywnest's Distillery.
   895 | D:1      | 895 ||| SHOPLISTING potion of curing (39 gold, have 11).
   895 | D:1      | 895 ||| SHOPLISTING potion of heal wounds (65 gold, have
                  | 11).
  1022 | D:1      | 1022 ||| READING scroll labelled DIM TUM QINI.
  1023 | D:1      | 1023 ||| READING scroll labelled CAZEOS QUPOSAHO.
  1024 | D:1      | 1024 ||| READING 3 scrolls labelled MAWILLAWYT.
  1099 | D:2      | 1099 ||| Stepping ~*~*~tactically~*~*~ (stealth).
  1100 | D:2      | 1100 ||| Stepping ~*~*~tactically~*~*~ (stealth).
  1101 | D:2      | 1101 ||| Stepping ~*~*~tactically~*~*~ (stealth).
  1104 | D:2      | 1104 ||| Stepping ~*~*~tactically~*~*~ (stealth).
  1105 | D:2      | 1105 ||| Stepping ~*~*~tactically~*~*~ (stealth).
  1107 | D:2      | 1107 ||| Stepping ~*~*~tactically~*~*~ (stealth).
  1111 | D:2      | 1111 ||| Stepping ~*~*~tactically~*~*~ (stealth).
  1115 | D:2      | 1115 ||| FLEEEEING.
  1447 | D:2      | 1447 ||| READING 3 scrolls labelled KETIOLIVAI.
  1448 | D:2      | 1448 ||| READING scroll labelled XUUJEASEZO.
  1449 | D:2      | 1449 ||| READING scroll labelled XUTHRATEHO.
  1450 | D:2      | 1450 ||| READING scroll labelled DONOXT HOVOISU.
  1551 | D:2      | 1551 ||| DRINKING 3 glowing red potions.
  1552 | D:2      | 1552 ||| DRINKING 2 fuming puce potions.
  1553 | D:2      | 1553 ||| DROPPING 2 scrolls of amnesia.
  1554 | D:2      | 1554 ||| DROPPING potion of invisibility.
  1572 | D:3      | Reached XP level 4. HP: 28/28 MP: 4/4
  1630 | D:3      | Found a blossoming altar of Fedhas.
  1632 | D:3      | 1632 ||| DROPPING +0 whip.
  1653 | D:3      | Reached skill level 4 in Axes
  1761 | D:3      | Identified the +1 robe "Zeoheloe" {rElec Str-2 Dex+6 SInv}
  1816 | D:3      | Found an ornate altar of the Wu Jian Council.
  1909 | D:3      | Found a faded altar of an unknown god.
  2043 | D:3      | 2043 ||| UPGRADING to +0 chain mail.
  2053 | D:3      | 2053 ||| DROPPING +0 scale mail.
  2069 | D:4      | 2069 ||| STAIRDANCE
  2074 | D:3      | Reached XP level 5. HP: 32/32 MP: 5/5
  2076 | D:4      | 2076 ||| STAIRDANCE
  2084 | D:4      | 2084 ||| STAIRDANCE
  2088 | D:3      | Reached skill level 5 in Axes
  2092 | D:4      | 2092 ||| Stepping ~*~*~tactically~*~*~ (stealth).
  2107 | D:4      | 2107 ||| DRINKING 2 potions of curing.
  2107 | D:4      | 2107 ||| (to cure confusion)
  2109 | D:4      | 2109 ||| DRINKING potion of curing.
  2109 | D:4      | 2109 ||| (to cure confusion)
  2127 | D:4      | Reached XP level 6. HP: 30/38 MP: 6/6
  2211 | D:4      | Noticed a hornet
  2216 | D:4      | HP: 9/38 [hornet (4)]
  2217 | D:4      | 2217 ||| READING 2 scrolls of teleportation.
  2218 | D:4      | HP: 3/38 [hornet (7)]
  2219 | D:4      | Mangled by a hornet

Levels and vault maps discovered:
D:1:      ncdulo_lavacross, layout_basic, serial_shops, shop,
          minmay_misc_feat_more_columns, chequers_serial_rivers_micro_e
D:2:      layout_rooms
D:3:      layout_rooms, nzn_wu_jian_contemplation, mainiacjoe_overflow_catwalk,
          dreamdust_ecumenical_altar_drowned_temple
D:4:      nicolae_BIG_FREAKIN_CUBE, layout_basic, temple_statues,
          ebering_ghost_disaster_area, minmay_pentomino_pile

Skill      XL: |  1  2  3  4  5 |
---------------+----------------+-----
Axes           | 2 3 4 5 |  5.1
Fighting       | 4 |  4.2
Armour         | |  3.2
Shields        | |  3.2

Action                   |  1- 3 |  4- 6 || total
-------------------------+-------+-------++-------
Melee: War axe           |   108 |   102 ||   210
  Use: Scroll            |     7 |     1 ||     8
       Potion            |     2 |     2 ||     4
Armor: Scale mail        |    47 |    27 ||    74
       Chain mail        |       |    31 ||    31
Dodge: Dodged            |    58 |    41 ||    99
Block: Buckler           |    15 |    22 ||    37

Table legend:
 A = Non-vault XP
 B = Vault XP
 C = Vault XP percentage of total XP
 D = Non-vault monster count
 E = Vault monster count
 F = Vault count percentage of total count
                 A         B        C        D         E       F
            +---------+---------+-------+---------+---------+-------
      Total |     341 |       1 |   0.3 |      64 |       1 |   1.5
            +---------+---------+-------+---------+---------+-------
        D:1 |      36 |       0 |   0.0 |      21 |       0 |   0.0
        D:2 |      45 |       0 |   0.0 |      16 |       0 |   0.0
        D:3 |     171 |       1 |   0.6 |      21 |       1 |   4.5
        D:4 |      89 |       0 |   0.0 |       6 |       0 |   0.0
            +---------+---------+-------+---------+---------+-------
